 Dungeon Crawl Stone Soup version 0.30-a0-953-g5f1da4a474 (webtiles) character file.

Game seed: 7250200144449592289

3851 DeathPants the Basher (level 10, -1/53 HPs)
             Began as a Vine Stalker Fighter on Mar 28, 2023.
             Was an Initiate of Gozag.
             Slain by an orc warrior
             ... wielding a +0 spear
              (4 damage)
             ... in a bailey.
             The game lasted 00:24:01 (6635 turns).

DeathPants the Basher (Vine Stalker Fighter)        Turns: 6635, Time: 00:24:02

Health: -1/53      AC: 17    Str: 20    XL:     10   Next: 18%
Magic:  0/15       EV: 10    Int: 18    God:    Gozag
Gold:   604        SH:  5    Dex: 13    Spells: 11/14 levels left

rFire   . . .      SeeInvis .    a - +0 flail (heavy)
rCold   . . .      Faith    .    c - +0 buckler
rNeg    + . .      Spirit   +    t - +2 scale mail {rN+}
rPois   .          Reflect  .    (no helmet)
rElec   .          Rampage  .    r - +1 cloak
rCorr   .                        D - +0 pair of gloves
Will    +....                    u - +1 pair of boots Stlth
                                 H - amulet of regeneration
HPRegen 1.88/turn                p - +4 ring of protection
MPRegen 0.14/turn                g - +6 ring of intelligence

@: mighty
A: fangs 3, regeneration 1, magic shield, antimagic bite, no potion heal 2
a: Renounce Religion, Potion Petition, Call Merchant, Bribe Branch


You were in a bailey.
You worshipped Gozag.
Gozag was pleased with you.
You visited 2 branches of the dungeon, and saw 9 of its levels.
You also visited: Ossuary and Bailey.

You collected 754 gold pieces.
You paid 150 gold pieces to Gozag.

Inventory:

Hand Weapons
 a - a +0 heavy flail (weapon)
 b - a +2 whip of freezing
 y - a +0 flail of holy wrath
 B - a +0 whip of holy wrath
Missiles
 v - 3 throwing nets (quivered)
 C - 5 javelins
Armour
 c - a +0 buckler (worn)
 r - a +1 cloak (worn)
 t - a +2 scale mail of positive energy (worn)
 u - a +1 pair of boots (worn)
 D - a +0 pair of gloves (worn)
Jewellery
 e - a ring of ice
 g - a +6 ring of intelligence (right hand)
 p - a +4 ring of protection (left hand)
 z - a ring of fire
 F - a ring of protection from cold
 H - an amulet of regeneration (around neck)
Wands
 q - a wand of iceblast (15)
 w - a wand of mindburst (8)
Scrolls
 d - 2 scrolls of brand weapon
 j - 4 scrolls of teleportation
Potions
 f - a potion of might
 h - a potion of attraction
 i - 3 potions of berserk rage
 k - 2 potions of mutation
 l - a potion of haste
 m - 6 potions of curing
 n - a potion of cancellation
 o - a potion of resistance
 s - a potion of invisibility {unknown}
 x - 2 potions of lignification {unknown}
 A - 2 potions of brilliance {unknown}
 E - a potion of ambrosia {unknown}


   Skills:
 + Level 6.9 Fighting
 * Level 9.0 Maces & Flails
 - Level 2.4 Armour
 - Level 2.4 Dodging
 - Level 6.0 Shields
 + Level 2.9 Spellcasting
 + Level 2.9 Hexes


You had 11 spell levels left.
You knew the following spells:

 Your Spells              Type           Power      Damage    Failure   Level
a - Tukima's Dance        Hex            13%        N/A       47%         3

Your spell library contained the following spells:

 Spells                   Type           Power      Damage    Failure   Level
 Slow                     Hex            52%        N/A       19%         1
 Ensorcelled Hibernation  Hex/Ice        14%        N/A       45%         2
 Confusing Touch          Hex            13%        N/A       47%         3
 Passwall                 Tmut/Erth      1%         N/A       67%         2
 Sublimation of Blood     Necr           2%         N/A       67%         2
 Inner Flame              Hex/Fire       7%         N/A       69%         3
 Cause Fear               Hex            6%         N/A       87%         4
 Swiftness                Air            2%         N/A       88%         3
 Vampiric Draining        Necr           2%         2d6       88%         3
 Passage of Golubria      Tloc           2%         N/A       99%         4
 Petrify                  Tmut/Erth      2%         N/A       99%         4
 Irradiate                Conj/Tmut      1%         3d12      100%        5
 Summon Forest            Summ/Tloc      1%         N/A       100%        5
 Summon Mana Viper        Hex/Summ       7%         N/A       100%        5
 Yara's Violent Unravell  Hex/Tmut       3%         3d4       100%        5
 Summon Cactus Giant      Summ           1%         N/A       100%        6
 Discord                  Hex            6%         N/A       100%        8


Dungeon Overview and Level Annotations

Branches:
Dungeon (8/15)             Temple (1/1) D:4         Ossuary (visited)
 Bailey (1/1)
   Lair: D:8-11

Altars:
Ashenzari
Cheibriados
Dithmenos
Elyvilon
Fedhas
Gozag
Hepliaklqana
Kikubaaqudgha
Makhleb
Okawaru
Ru
Sif Muna
Trog
Uskayaw
Vehumet
Wu Jian
Xom
Yredelemnul
The Shining One

Annotations:
Bailey 2 runed translucent doors


Innate Abilities, Weirdness & Mutations

You have razor-sharp teeth.
Your natural rate of healing is unusually fast.
When hurt, damage is shared between your health and your magic reserves.
Your bite disrupts and absorbs the magic of your enemies.
Potions cannot restore your health.


Message History

The orc knight is heavily wounded.
The orc knight hits you with a +0 glaive.
The orc warrior hits you with a +0 spear!
The orc hits you from afar with a +0 trident.
The deep elf pyromancer is distracted by your dazzling golden aura.
The deep elf pyromancer shouts!
You hit the orc knight but do no damage.
The orc knight is heavily wounded.
The orc is no longer distracted by gold.
The deep elf pyromancer is no longer distracted by gold.
The orc knight is distracted by your dazzling golden aura.
The orc warrior closely misses you. You block the orc's attack.
The orc warrior closely misses you. You block the orc's attack.
The orc warrior hits you from afar with a +0 trident.
The orc warrior barely misses you.
The orc knight shouts!
You barely miss the orc knight.
The orc knight is no longer distracted by gold.
The orc knight is heavily wounded.
The orc no longer looks unusually strong.
The orc knight closely misses you.
The orc warrior hits you with a +0 spear!
The orc hits you but does no damage. The orc warrior barely misses you.
You closely miss the orc knight. You bite the orc knight. You drain its power.
You feel invigorated.
The orc knight is heavily wounded.
The orc knight hits you with a +0 glaive.
You block the orc warrior's attack. The orc hits you but does no damage.
You block the orc warrior's attack. You block the orc's attack.
The orc warrior hits you from afar with a +0 trident!
* * * LOW HITPOINT WARNING * * *
The orc knight hits you but does no damage.
The orc warrior hits you with a +0 spear!!
* * * LOW HITPOINT WARNING * * *
You bludgeon the orc knight!!
The orc knight is severely wounded.
You block the orc knight's attack.
The orc warrior hits you with a +0 spear.
You die...
Your body crumbles into a pile of gold.

...............
####........###
#$.####''####.$
#..............
##...8....8...#
#$.########..#
#$.# [[$[# .#
#$.#.!![!? #
#o@#e.# #o.#..#
#oo#......
#..##....# #.o#
#++## #... ...8
.... .... $.##
### $


You could see an orc knight, a deep elf pyromancer, 2 orc warriors and 2 orcs.

Vanquished Creatures
  Pikel (D:5)
  Grinder (D:4)
  A steam dragon (D:8)
  Edmund (D:4)
  A water moccasin (D:7)
  4 orc warriors (Bailey)
  A sky beast (D:6)
  A black bear (D:6)
  2 ogres
  3 centaurs
  2 phantoms
  2 bullfrogs
  A gnoll sergeant (D:7)
  3 scorpions
  4 wights (D:8)
  A howler monkey (D:6)
  2 centaur zombies (Ossuary)
  3 hounds
  2 jellies
  A human zombie (Ossuary)
  A gnoll bouda (D:6)
  4 orc priests
  4 iguanas
  7 orc wizards
  Natasha (thrice) (D:4)
  5 mummies
  8 gnolls
  9 adders
  A shadow imp (D:7)
  A white imp (D:7)
  4 ufetubi
  3 worms
  A dart slug (D:2)
  19 orcs
  7 endoplasms
  6 giant cockroaches
  11 goblins
  12 hobgoblins
  10 jackals
  4 quokkas
  8 ball pythons
  10 bats
  5 frilled lizards
  A goblin zombie (Ossuary)
  2 hobgoblin zombies (Ossuary)
  7 kobolds
  2 kobold zombies (Ossuary)
  4 rats
196 creatures vanquished.

Notes
Turn   | Place    | Note
-------+----------+-------------------------------------------
     0 | D:1      | DeathPants the Vine Stalker Fighter began the quest for the
                  | Orb.
     0 | D:1      | Reached XP level 1. HP: 11/11 MP: 2/2
   129 | D:1      | Reached skill level 2 in Maces & Flails
   202 | D:1      | Reached XP level 2. HP: 16/16 MP: 3/3
   476 | D:1      | Reached XP level 3. HP: 19/19 MP: 4/4
  1015 | D:2      | Reached skill level 1 in Dodging
  1042 | D:3      | Gained mutation: Your natural rate of healing is unusually
                  | fast. [Vine Stalker growth]
  1042 | D:3      | Reached XP level 4. HP: 24/24 MP: 5/5
  1182 | D:2      | Reached skill level 3 in Maces & Flails
  1485 | D:3      | Noticed an ogre
  1488 | D:3      | Killed an ogre
  1489 | D:3      | Reached XP level 5. HP: 5/28 MP: 1/6
  2426 | D:4      | Found an ornate altar of the Wu Jian Council.
  2444 | D:4      | Reached XP level 6. HP: 32/32 MP: 5/7
  2455 | D:5      | Entered Level 5 of the Dungeon
  2601 | D:4      | Reached skill level 4 in Maces & Flails
  2609 | D:4      | Found a shimmering blue altar of Sif Muna.
  2774 | D:4      | Noticed Edmund
  2783 | D:4      | Killed Edmund
  2784 | D:4      | Reached XP level 7. HP: 37/37 MP: 6/8
  2791 | D:4      | Noticed Grinder
  2808 | D:4      | Paralysed by Grinder for 5 turns
  2828 | D:4      | Killed Grinder
  2976 | D:4      | Reached skill level 5 in Maces & Flails
  3112 | D:4      | Noticed Natasha
  3120 | D:4      | Killed Natasha
  3121 | D:4      | Found a staircase to the Ecumenical Temple.
  3134 | D:4      | Noticed Natasha
  3139 | D:4      | Killed Natasha
  3140 | D:4      | Gained mutation: You have razor-sharp teeth. [Vine Stalker
                  | growth]
  3140 | D:4      | Reached XP level 8. HP: 38/42 MP: 5/9
  3148 | Temple   | Entered the Ecumenical Temple
  3214 | D:4      | Noticed Natasha
  3225 | D:4      | Killed Natasha
  3538 | D:5      | Reached skill level 5 in Fighting
  3572 | D:5      | Noticed Pikel
  3586 | D:5      | Killed Pikel
  3587 | D:5      | Reached skill level 6 in Maces & Flails
  3587 | D:5      | Reached skill level 5 in Shields
  3893 | D:6      | Reached skill level 7 in Maces & Flails
  3893 | D:6      | Reached XP level 9. HP: 26/48 MP: 10/10
  4026 | D:6      | Found a sand-covered staircase.
  4038 | Ossuary  | Entered an ossuary
  5381 | D:5      | Found a radiant altar of Vehumet.
  5381 | D:5      | Found a faded altar of an unknown god.
  5389 | D:5      | Found an opulent altar of Gozag.
  5391 | D:5      | Found an ancient bone altar of Kikubaaqudgha.
  5392 | D:5      | Found a faded altar of an unknown god.
  5416 | D:5      | Became a worshipper of Gozag Ym Sagoz the Greedy
  5556 | D:5      | Learned a level 3 spell: Tukima's Dance
  5702 | D:7      | Reached skill level 8 in Maces & Flails
  5723 | D:7      | Found a basalt altar of Yredelemnul.
  5748 | D:7      | Reached skill level 1 in Spellcasting
  5769 | D:7      | Reached skill level 1 in Hexes
  6099 | D:8      | Found a flagged portal.
  6131 | D:7      | Found a sacrificial altar of Ru.
  6235 | D:7      | Found a burning altar of Makhleb.
  6241 | D:7      | Reached XP level 10. HP: 53/53 MP: 14/14
  6487 | D:8      | Found a broken altar of Ashenzari.
  6560 | Bailey   | Entered a bailey
  6604 | Bailey   | Found a large runed translucent door.
  6604 | Bailey   | Found a large runed translucent door.
  6606 | Bailey   | Noticed an orc knight
  6620 | Bailey   | Reached skill level 9 in Maces & Flails
  6620 | Bailey   | Noticed a deep elf pyromancer
  6634 | Bailey   | HP: 1/53 [orc warrior/+0 spear (13)]
  6635 | Bailey   | Slain by an orc warrior

Illustrated notes

Levels and vault maps discovered:
D:1:      lightli_arrival_lavapool, layout_loops_ring
D:2:      layout_basic
D:3:      layout_rooms
D:4:      layout_basic, amcnicky_altar_gilded, led_sif_pool,
          minmay_temple_entry_proselytizer, uniq_grinder, uniq_edmund,
          uniq_natasha
D:5:      layout_loops_corners, chequers_temple_overflow_minitemple, uniq_pikel
D:6:      layout_loops_cross, gup_ossuary_entry_pyramid, portal_sewer_entry_d,
          hangedman_decor_push
D:7:      layout_cave_pools, makhleb_heckhound_becter,
          nicolae_ru_sacrificial_ziggurat, mainiacjoe_overflow_small_starburst
D:8:      layout_rooms, mainiacjoe_overflow_alcove_2, ashenzari_altar_1,
          enter_bailey_5, uniq_grum
Temple:   hellmonk_temple_rainy
Bailey:   bailey_polearm_elven_captive_hellmonk, bailey

Skill      XL: |  1  2  3  4  5  6  7  8  9 10 |
---------------+-------------------------------+-----
Maces & Flails | 2 3 4 5 7 8 9 |  9.0
Fighting       | 3 4 5 6 |  6.9
Shields        | 3 4 5 6 |  6.0
Dodging        | 1 2 |  2.4
Spellcasting   | 2 |  2.9
Hexes          | 2 |  2.9
Armour         | |  2.4

Action                     |  1- 3 |  4- 6 |  7- 9 | 10-12 || total
---------------------------+-------+-------+-------+-------++-------
  Melee: Flail             |   120 |   140 |   146 |    45 ||   451
         Bite              |    19 |    26 |   123 |    17 ||   185
         Whip              |       |       |   254 |    15 ||   269
  Evoke: Wand              |       |       |     1 |       ||     1
    Use: Scroll            |     1 |    11 |     6 |     1 ||    19
         Potion            |       |     2 |       |     1 ||     3
   Stab: Distracted        |       |       |     1 |       ||     1
 Armour: Scale mail        |    51 |    90 |   271 |    18 ||   430
  Dodge: Dodged            |    73 |    71 |   185 |    36 ||   365
  Block: Buckler           |    27 |    52 |   117 |    24 ||   220

Table legend: (Time is in decaauts)
 A = Elapsed time spent in this place.
 B = Non-inter-level travel time spent in this place.
 C = Inter-level travel time spent in this place.
 D = Time resting spent in this place.
 E = Time spent auto-exploring this place.
 F = Levels seen in this place.
 G = Mean time per level.
                   A        B        C        D        E       F      G
               +--------+--------+--------+--------+--------+-----+--------+
         Total |   6794 |   6667 |    127 |     61 |   4204 |  11 |  617.6 |
       Dungeon |   6442 |   6315 |    127 |     61 |   4082 |   8 |  805.2 |
        Temple |     57 |     57 |      0 |      0 |     21 |   1 |   57.0 |
       Ossuary |    214 |    214 |      0 |      0 |     82 |   1 |  214.0 |
        Bailey |     80 |     80 |      0 |      0 |     19 |   1 |   80.0 |
               +--------+--------+--------+--------+--------+-----+--------+

Top non-repeatable levels by time:
     D:4: 1077 daAuts
     D:2: 1072 daAuts
     D:6: 1012 daAuts
     D:5: 991 daAuts
     D:1: 808 daAuts
     D:7: 630 daAuts
     D:3: 624 daAuts
     D:8: 223 daAuts
 Ossuary: 214 daAuts
  Bailey: 80 daAuts
  Temple: 57 daAuts
